 Dungeon Crawl Stone Soup version 0.26.1-11-gd32895ea62 (webtiles) character file.

Game seed: 6325667117001994483

110 bigdumb the Shield-Bearer (level 4, -3/37 HPs)
             Began as a Demigod Fighter on June 26, 2021.
             Killed by divine providence
             ... invoked by an orc priest
              (11 damage)
             ... on level 3 of the Dungeon.
             The game lasted 00:03:31 (2329 turns).

bigdumb the Shield-Bearer (Demigod Fighter)         Turns: 2329, Time: 00:03:32

Health: -3/37      AC:  9    Str: 21    XL:     4   Next: 35%
Magic:  6/6        EV:  7    Int: 12    God:
Gold:   92         SH:  9    Dex: 15    Spells: 3/3 levels left

rFire    . . .     SeeInvis .   a - +1 flail
rCold    . . .     Faith    .   c - +0 kite shield
rNeg     . . .     Spirit   .   b - +0 scale mail
rPois    .         Reflect  .   (no helmet)
rElec    .         Harm     .   n - +0 cloak
rCorr    .         Rampage  .   (no gloves)
Will     .....                  g - +0 pair of boots
Stlth    ..........             (no amulet)
HPRegen  0.12/turn              (no ring)
MPRegen  0.10/turn              (no ring)

@: hasted, very quick
A: high mp 1
a: no special abilities


You were on level 3 of the Dungeon.
You visited 1 branch of the dungeon, and saw 3 of its levels.

You collected 92 gold pieces.

Inventory:

Hand Weapons
 a - a +1 flail (weapon)
Armour
 b - a +0 scale mail (worn)
 c - a +0 kite shield (worn)
 g - a +0 pair of boots (worn)
 n - a +0 cloak (worn)
Scrolls
 d - a scroll of identify
 k - a scroll of fear
Potions
 i - a potion of attraction


   Skills:
 + Level 2.9 Fighting
 + Level 3.0 Maces & Flails
 + Level 3.2 Armour
 + Level 0.8 Dodging
 + Level 3.4 Shields


You had 3 spell levels left.
You didn't know any spells.
Your spell library contained the following spells:

 Spells                   Type           Power        Failure   Level
 Animate Skeleton         Necr           0%           99%         1
 Apportation              Tloc           0%           99%         1
 Corona                   Hex            0%           99%         1
 Summon Small Mammal      Summ           0%           99%         1


Dungeon Overview and Level Annotations

Branches:
Dungeon (3/15)


Innate Abilities, Weirdness & Mutations

You have an increased reservoir of magic. (+10% MP)


Message History

You barely miss the orc priest.
The orc priest is lightly wounded.
The orc priest hits you but does no damage.
The orc priest looks satisfied for a moment.
The orc hits you with a +0 hand axe.
You barely miss the orc priest.
The orc priest is lightly wounded.
You block the orc priest's attack. The orc hits you but does no damage.
You feel yourself speed up.
The orc priest mumbles some strange prayers to Beogh against you.
Beogh smites you!
* * * LOW HITPOINT WARNING * * *
The orc priest invokes the aid of Beogh against you.
You barely resist. The orc barely misses you.
You block the orc priest's attack.
The orc priest calls down the wrath of Beogh upon you.
You barely resist.
The orc priest invokes the aid of Beogh against you.
Beogh smites you!
You die...

#.........#
#.........#
########.........#
#................#
#................#
#................#
+..........oo....#
#.....@...o.oo...#
#...>...######'###
#.......# ....
#.......# .......
##.......#
o.......#
........##
o........#
#........#
#.o.......'.
#........#
#o........##
#........#


You could see 2 orc priests, an orc wizard and 2 orcs.

Vanquished Creatures
  4 gnolls (D:3)
  2 adders (D:2)
  2 oozes (D:2)
  A leopard gecko (D:3)
  A bat (D:1)
  2 giant cockroaches
  9 goblins
  A hobgoblin (D:3)
  6 jackals
  3 frilled lizards
  10 kobolds
  5 rats
46 creatures vanquished.

Notes
Turn   | Place    | Note
-------+----------+-------------------------------------------
     0 | D:1      | bigdumb the Demigod Fighter began the quest for the Orb.
     0 | D:1      | Reached XP level 1. HP: 18/18 MP: 3/3
   377 | D:1      | Reached XP level 2. HP: 25/25 MP: 4/4
  1176 | D:2      | Reached XP level 3. HP: 30/30 MP: 5/5
  1650 | D:2      | Found a bloodstained altar of Trog.
  1730 | D:3      | Reached XP level 4. HP: 18/37 MP: 6/6
  2329 | D:3      | Killed from afar by an orc priest

Illustrated notes

Levels and vault maps discovered:
D:1:      dpeg_arrival_chambers_temple_mockup, layout_basic
D:2:      layout_loops_cross, lemuel_doored_altar
D:3:      layout_basic, marbit_many_paths, bloody_trog

Skill      XL: |  1  2  3  4 |
---------------+-------------+-----
Armour         | 3 |  3.2
Shields        | 3 |  3.4
Maces & Flails | 2 3 |  3.0
Fighting       | |  2.9
Dodging        | |  0.8

Action                   |  1- 3 |  4- 6 || total
-------------------------+-------+-------++-------
Melee: Flail             |   125 |    24 ||   149
  Use: Potion            |     7 |     1 ||     8
       Scroll            |     6 |       ||     6
Armor: Scale mail        |   107 |    12 ||   119
Dodge: Dodged            |    49 |     7 ||    56
Block: Kite shield       |    89 |    12 ||   101
